 Dungeon Crawl Stone Soup version 0.25-a0-341-g6f074c887a (webtiles) character file.

Game seed: 6679979106368682663, levelgen mode: deterministic

11210 Gargoyl the Cleaver (level 11, -1/92 HPs)
             Began as a Centaur Abyssal Knight on Dec 30, 2019.
             Was a High Priest of Lugonu.
             Slain by a wraith (7 damage)
             ... led by Josephine
             ... on level 11 of the Dungeon.
             The game lasted 00:18:29 (14396 turns).

Gargoyl the Cleaver (Centaur Abyssal Knight)       Turns: 14396, Time: 00:18:29

Health: -1/92      AC: 11    Str: 15 (18) XL:     11   Next: 46%
Magic:  17/17      EV: 12    Int:  8 (11) God:    Lugonu [*****.]
Gold:   478        SH:  0    Dex: 10 (11) Spells: 10/10 levels left

rFire    + . .     SeeInvis .   a - +7 hand axe
rCold    . . .     Gourm    .   (no shield)
rNeg     . . .     Faith    .   r - +3 leather armour {rF+}
rPois    .         Spirit   .   p - +1 helmet
rElec    .         Reflect  .   h - +0 cloak
rCorr    +         Harm     .   (no gloves)
MR       .....                  (no barding)
Stlth    +.........             x - amulet of rage
HPRegen  0.25/turn              l - ring of resist corrosion
MPRegen  0.15/turn              v - ring of flight

@: slowed
A: large, hooves 3, deformed body, speed 2, strong 1, tough skin 3, sturdy frame
1
a: Depart the Abyss, Bend Space, Banish, Corrupt, Enter the Abyss, Renounce
Religion, Evoke Berserk Rage, Evoke Flight


You were on level 11 of the Dungeon.
You worshipped Lugonu.
Lugonu was extremely pleased with you.
You were not hungry.

You visited 1 branch of the dungeon, and saw 11 of its levels.
You visited the Abyss 1 time.

You collected 638 gold pieces.
You spent 160 gold pieces at shops.

Inventory:

Hand Weapons
 a - a +7 hand axe (weapon)
 o - a cursed +5 scimitar
Missiles
 k - 21 boomerangs (quivered)
Armour
 h - a +0 cloak (worn)
 p - a +1 helmet (worn)
 r - a +3 leather armour of fire resistance (worn)
Jewellery
 l - a ring of resist corrosion (left hand)
 v - a ring of flight (right hand)
 x - an amulet of rage (around neck)
 D - a +4 ring of dexterity {unknown}
 F - an uncursed ring of wizardry {unknown}
Wands
 e - a wand of disintegration (7)
 q - a wand of digging (10)
 t - a wand of clouds (8)
 y - a wand of random effects (28)
 z - a wand of polymorph (7)
 A - a wand of flame (8)
 C - a wand of enslavement (5)
Scrolls
 b - 2 scrolls of remove curse
 g - 2 scrolls of identify
 n - 5 scrolls of teleportation
Potions
 i - 3 potions of flight
 j - 4 potions of haste
 m - 6 potions of curing
 s - a potion of heal wounds
 w - a potion of brilliance
 B - a potion of mutation
Comestibles
 c - 15 rations
 E - 4 chunks of flesh


   Skills:
 + Level 7.4 Fighting
 + Level 9.3 Axes
 + Level 0.9 Throwing
 * Level 6.0 Armour
 * Level 6.7 Dodging
 * Level 8.1 Invocations
 + Level 1.9 Evocations


You had 10 spell levels left.
You didn't know any spells.
Your spell library contained the following spells:

 Spells                   Type           Power        Failure   Level  Hunger
 Animate Skeleton         Necr           N/A          41%         1    ##.....
 Apportation              Tloc           #.....       41%         1    ##.....
 Confusing Touch          Hex            #.....       41%         1    ##.....
 Sting                    Tmut/Pois      #...         41%         1    ##.....
 Summon Small Mammal      Summ           #...         41%         1    ##.....
 Poisonous Vapours        Pois/Air       #.....       56%         2    ###....
 Ignite Poison            Fire/Tmut/Pois #.......     80%         3    ####...
 Mephitic Cloud           Conj/Pois/Air  #.......     80%         3    ####...
 Olgreb's Toxic Radiance  Pois           #.......     99%         4    #####..


Dungeon Overview and Level Annotations

Branches:
Dungeon (11/15)            Temple (0/1) D:6            Lair (0/6) D:11
    Orc: D:9-12

Altars:
Dithmenos
Elyvilon
Fedhas
Gozag
Okawaru
Qazlal
Sif Muna
Trog
Xom
Yredelemnul
Zin

Shops:
D:6 !   D:8 *


Innate Abilities, Weirdness & Mutations

You have hooves in place of feet.
Armour fits poorly on your strangely shaped body.
You cover ground very quickly.
You have extremely tough skin. (AC +3)
Your muscles are strong. (Str +2)
Your movements are slightly less encumbered by armour. (ER -2)


Message History

You feel as though you will be slow longer.
The wraith barely misses you. Something hits you but does no damage.
The wraith hits you.
* * * LOW HITPOINT WARNING * * *
The wraith drains your vigour!
You feel as though you will be slow longer.
Something hits you.
* * * LOW HITPOINT WARNING * * *
The wraith barely misses you. Something hits you.
* * * LOW HITPOINT WARNING * * *
There is a stone staircase leading up here.
Press: ? - help, Shift-Dir - straight line, f - wraith
Aim: a wraith (lightly damaged, chance to defeat MR: 56%)
You fail to use your ability.
Something hits you!
* * * LOW HITPOINT WARNING * * *
The wraith hits you.
* * * LOW HITPOINT WARNING * * *
The wraith hits you!
You die...

....# #.........#
....# #.........#
....# #.........#
....# #.........#
....# #.........#
....#####.........#
..................#
.......).......WW.#
....####........@.#
....# #..........#
....# #..........#
....# #..........#
....# #....#######
...... .....#
...........(#
....#####...# ....#


You could see 2 wraiths.

Vanquished Creatures
  Josephine (D:11)
  Erolcha (D:9)
  Harold (D:10)
  2 two-headed ogres
  Maurice (D:8)
  An elephant (D:10)
  A troll (D:10)
  A wraith (D:11)
  5 yaks (D:10)
  A wyvern (D:9)
  A basilisk (D:11)
  2 hungry ghosts (D:8)
  A water moccasin (D:11)
  7 orc warriors
  An ice beast (D:9)
  5 sky beasts
  5 ogres
  3 black bears
  2 phantoms
  3 centaurs
  2 crocodiles
  5 bullfrogs
  A big kobold (D:8)
  Blork the orc (D:4)
  2 scorpions
  7 killer bees
  4 wights (D:7)
  5 howler monkeys
  A bullfrog zombie (D:9)
  2 crimson imps
  7 hounds
  A jelly (D:7)
  11 orc wizards
  7 orc priests
  2 centaur skeletons
  Natasha (D:3)
  5 iguanas
  3 worker ants
  Ijyb (D:4)
  A hound zombie (D:8)
  A hound skeleton (D:8)
  A howler monkey skeleton (D:6)
  4 gnolls (D:9)
  10 adders
  4 shadow imps
  4 worms (D:2)
  5 dart slugs
  8 leopard geckos
  54 orcs
  7 bats
  4 giant cockroaches
  6 hobgoblins
  8 jackals
  15 kobolds
  4 quokkas
  4 frilled lizards
  A giant cockroach zombie (D:5)
  3 goblins (D:2)
  2 leopard gecko zombies
  A quokka zombie (D:3)
  5 rats
265 creatures vanquished.

Vanquished Creatures (others)
  An ugly thing (D:11)
  A wizard (D:6)
  2 jackals (D:3)
4 creatures vanquished.

Grand Total: 269 creatures vanquished

Notes
Turn   | Place    | Note
-------+----------+-------------------------------------------
     0 | Abyss:1  | Gargoyl the Centaur Abyssal Knight began the quest for the
                  | Orb.
     0 | Abyss:1  | Reached XP level 1. HP: 19/19 MP: 2/2
    23 | Abyss:1  | Gained mutation: Your movements are slightly less
                  | encumbered by armour. (ER -2) [potion of mutation]
    23 | Abyss:1  | Gained mutation: Your muscles are strong. (Str +2) [potion
                  | of mutation]
    28 | Abyss:1  | Noticed a small abomination
    31 | Abyss:1  | Noticed a small abomination
    34 | Abyss:1  | Noticed a neqoxec
    36 | D:1      | Escaped the Abyss
   118 | D:1      | Reached * piety under Lugonu
   225 | D:1      | Found a shimmering altar of Xom.
   272 | D:1      | Reached XP level 2. HP: 26/26 MP: 3/3
   423 | D:1      | Reached skill level 1 in Dodging
   764 | D:2      | Reached skill level 2 in Axes
   764 | D:2      | Reached XP level 3. HP: 21/31 MP: 4/4
  1134 | D:2      | Reached ** piety under Lugonu
  1512 | D:3      | Reached XP level 4. HP: 38/40 MP: 5/5
  1709 | D:3      | Found a white marble altar of Elyvilon.
  2154 | D:3      | Noticed Natasha
  2163 | D:3      | Killed Natasha
  2340 | D:4      | Reached XP level 5. HP: 41/46 MP: 5/7
  2371 | D:4      | Noticed an ogre
  2371 | D:4      | Noticed Blork the orc
  2378 | D:4      | Killed an ogre
  2378 | D:4      | Reached skill level 3 in Axes
  2384 | D:4      | Killed Blork the orc
  2384 | D:4      | Reached XP level 6. HP: 21/52 MP: 4/8
  2763 | D:4      | You fall into a shaft and drop 3 floors!
  3300 | D:6      | Noticed a sky beast
  3302 | D:5      | Entered Level 5 of the Dungeon
  3342 | D:5      | Reached XP level 7. HP: 34/59 MP: 6/9
  3344 | D:5      | Reached skill level 4 in Axes
  3787 | D:4      | Reached *** piety under Lugonu
  4548 | D:4      | Noticed Ijyb
  4581 | D:4      | Killed Ijyb
  5241 | D:6      | Reached XP level 8. HP: 50/67 MP: 8/11
  5252 | D:7      | Reached skill level 5 in Axes
  5671 | D:6      | Found a blossoming altar of Fedhas.
  5811 | D:6      | Found a staircase to the Ecumenical Temple.
  5912 | D:6      | Reached skill level 5 in Invocations
  6077 | D:6      | Found Fexec's Distillery.
  6086 | D:6      | Bought a potion of heal wounds for 50 gold pieces
  6341 | D:6      | Found a bloodstained altar of Trog.
  6343 | D:6      | Noticed a wizard
  6350 | D:6      | Killed a wizard
  6406 | D:7      | Reached **** piety under Lugonu
  6608 | D:7      | Reached skill level 6 in Axes
  6864 | D:7      | Reached skill level 5 in Fighting
  7011 | D:7      | Reached XP level 9. HP: 42/74 MP: 8/13
  8924 | D:8      | Reached ***** piety under Lugonu
  9062 | D:8      | Found Womep's General Store.
  9063 | D:8      | Noticed Maurice
  9092 | D:8      | Killed Maurice
  9092 | D:8      | Reached skill level 7 in Axes
  9092 | D:8      | Reached skill level 5 in Armour
  9155 | D:8      | Bought a potion of haste for 110 gold pieces
  9838 | D:9      | Reached skill level 5 in Dodging
 10194 | D:9      | Reached skill level 1 in Evocations
 10194 | D:9      | Reached XP level 10. HP: 52/83 MP: 14/14
 10355 | D:9      | Noticed Erolcha
 10362 | D:9      | Killed Erolcha
 10373 | D:9      | Found a stormy altar of Qazlal.
 10699 | D:9      | Noticed a two-headed ogre
 10708 | D:9      | Killed a two-headed ogre
 10708 | D:9      | Reached skill level 8 in Axes
 11127 | D:9      | Found an iron altar of Okawaru.
 11128 | D:9      | Found an opulent altar of Gozag.
 11130 | D:9      | Found a shimmering blue altar of Sif Muna.
 11131 | D:9      | Found a glowing silver altar of Zin.
 11132 | D:9      | Found a shadowy altar of Dithmenos.
 11351 | D:9      | Found a basalt altar of Yredelemnul.
 11401 | D:10     | Entered Level 10 of the Dungeon
 11457 | D:10     | Noticed Harold
 11470 | D:10     | Killed Harold
 12123 | D:10     | Reached XP level 11. HP: 40/91 MP: 16/16
 12743 | D:11     | Noticed a two-headed ogre
 12769 | D:10     | Killed a two-headed ogre
 13241 | D:11     | Noticed a red ugly thing
 13265 | D:11     | Banished a red ugly thing
 13631 | D:11     | Found a staircase to the Lair.
 13702 | D:10     | Reached skill level 9 in Axes
 14272 | D:11     | Noticed Josephine
 14288 | D:11     | Killed Josephine
 14396 | D:11     | Slain by a wraith

Levels and vault maps discovered:
D:1:      lightli_arrival_noodles, layout_basic, xom_teletrap_fun
D:2:      layout_basic, chequers_avenue
D:3:      layout_basic, elyvilon_altar_4, first_ration, serial_forest,
          infiniplex_forest_lined_3, infiniplex_forest_lined_3,
          infiniplex_forest_straight_4, infiniplex_forest_corner_2,
          infiniplex_forest_lined_3, infiniplex_forest_lined_room_,
          infiniplex_forest_straight_4, infiniplex_forest_lined_1,
          infiniplex_forest_straight_3, uniq_natasha
D:4:      layout_loops_cross, uniq_blork_the_orc, uniq_ijyb
D:5:      layout_loops_ring
D:6:      layout_cave_pools, fedhas_altar_3, minmay_temple_entry_fiery,
          serial_shops, shop, trog_wizard
D:7:      layout_loops_corners
D:8:      layout_basic, serial_shops,
          nicolae_shop_temple_entry_statues_fountains, enter_bailey_2,
          nicolae_underground_beach, uniq_maurice
D:9:      layout_loops_corners, lemuel_doored_altar,
          nicolae_overflow_hidden_temple, minitemple, grunt_pizzeria,
          uniq_erolcha
D:10:     layout_roguey, minmay_orc_keep, uniq_harold
D:11:     layout_small_grid, david_lair_generic, uniq_josephine

Skill      XL: |  1  2  3  4  5  6  7  8  9 10 11 |
---------------+----------------------------------+-----
Dodging        | 1 2 3 5 6 |  6.7
Axes           | 2 3 4 6 7 8 9 |  9.3
Armour         | 2 3 4 5 6 |  6.0
Fighting       | 4 5 6 7 |  7.4
Invocations    | 3 4 5 6 7 8 |  8.1
Evocations     | 1 |  1.9
Throwing       | |  0.9

Action                   |  1- 3 |  4- 6 |  7- 9 | 10-12 || total
-------------------------+-------+-------+-------+-------++-------
Melee: Hand axe          |   115 |   111 |   621 |   287 ||  1134
       Kick              |    19 |    21 |   118 |    69 ||   227
Throw: Boomerang         |       |       |     2 |    10 ||    12
Invok: Depart the Abyss  |     1 |       |       |       ||     1
       Banish            |       |       |       |     1 ||     1
 Abil: Evoke Berserk Rag |       |       |       |     1 ||     1
Evoke: Wand              |       |       |    12 |     5 ||    17
  Use: Potion            |     2 |     2 |     4 |     5 ||    13
       Scroll            |     3 |     7 |     3 |     7 ||    20
 Stab: Confused          |       |       |     4 |       ||     4
  Eat: Chunk             |     1 |     4 |    18 |    15 ||    38
       Ration            |       |       |     4 |       ||     4
Armor: Leather armour    |    20 |       |   197 |   109 ||   326
       Scale mail        |    34 |    66 |    66 |       ||   166
       Skin              |       |       |    86 |    14 ||   100
Dodge: Dodged            |    45 |    53 |   284 |   168 ||   550

Table legend:
 A = Non-vault XP
 B = Vault XP
 C = Vault XP percentage of total XP
 D = Non-vault monster count
 E = Vault monster count
 F = Vault count percentage of total count
                 A         B        C        D         E       F
            +---------+---------+-------+---------+---------+-------
      Total |   10931 |    5084 |  31.7 |     244 |      22 |   8.3
            +---------+---------+-------+---------+---------+-------
        D:1 |      33 |       0 |   0.0 |      16 |       0 |   0.0
        D:2 |      54 |       0 |   0.0 |      24 |       0 |   0.0
        D:3 |      35 |      36 |  50.7 |      11 |       1 |   8.3
        D:4 |     479 |     124 |  20.6 |      21 |       2 |   8.7
        D:5 |     378 |       0 |   0.0 |      18 |       0 |   0.0
        D:6 |     903 |       0 |   0.0 |      24 |       0 |   0.0
        D:7 |    1106 |       0 |   0.0 |      36 |       0 |   0.0
        D:8 |    1384 |     445 |  24.3 |      29 |       1 |   3.3
        D:9 |    2195 |    1135 |  34.1 |      24 |       2 |   7.7
       D:10 |    3034 |    1832 |  37.6 |      22 |      13 |  37.1
       D:11 |    1330 |    1512 |  53.2 |      19 |       3 |  13.6
            +---------+---------+-------+---------+---------+-------
